[Event "49° Campionato Italiano Assoluto ASCID"]
[Site "Rivabella (RN)"]
[Date "2022.08.29"]
[Round "1"]
[White "Vrioni, Bersan"]
[Black "Tolaro, Filippa"]
[Result "1-0"]
[Board "2"]
[WhiteElo "1925"]
[BlackElo "1335"]
[TimeControl "40/6000+30:1200+30"]
[ECO "B13"]
[Opening "Caro-Kann"]
[Variation "exchange variation"]
[PlyCount "65"]
[EventDate "2022.08.29"]
[EventRounds "7"]
[EventCountry "ITA"]
[Annotator "Bersca0.53"]

1. e4 c6 2. d4 d5 3. exd5 cxd5 4. Bd3 Nf6 5. c3 e6 6. Nf3 Bd6 7. O-O Nbd7
8. Re1 O-O 9. Ne5 h6 10. Nd2 a6 11. Ndf3 b5 12. a3 Be7 13. h3 Ne4 14. Bxe4
dxe4 15. Nc6 Qe8 16. Nxe7+ Qxe7 17. Rxe4 Nf6 18. Re1 Bb7 19. Ne5 Ne4 20.
Be3 Ng5 21. Qg4 Be4 22. Bxg5 Qxg5 23. Qxe4 f5 24. Qe3 f4 25. Qe4 Rf5 26.
Qxa8+ Rf8 27. Qxa6 f3 28. Qxe6+ Kh8 29. Ng6+ Kh7 30. Nxf8+ Kh8 31. g3 h5
32. Ng6+ Kh7 33. Ne7 1-0

[Event "49° Campionato Italiano Assoluto ASCID"]
[Site "Rivabella (RN)"]
[Date "2022.08.29"]
[Round "1"]
[White "Vilone, Gennaro"]
[Black "Kowalczyk, Martin"]
[Result "0-1"]
[Board "3"]
[WhiteElo "1249"]
[BlackElo "1872"]
[TimeControl "40/6000+30:1200+30"]
[ECO "B21"]
[Opening "Sicilian"]
[Variation "Smith-Morra gambit"]
[PlyCount "84"]
[EventDate "2022.08.29"]
[EventRounds "7"]
[EventCountry "ITA"]
[Annotator "Bersca0.53"]

1. e4 c5 2. d4 cxd4 3. f4 Nc6 4. Nf3 g6 5. Bc4 Qa5+ 6. Bd2 Qb6 7. Bb3 Bg7 8. e5 
Nh6 9. Na3 O-O 10. Nc4 Qc5 11. Ng5 d5 12. exd6 Bg4 13. Ne4 Qf5 14. Ng3 Qe6+ 15. 
Ne2 exd6 16. Nb6 Qe7 17. Nxa8 d3 18. cxd3 Nd4 19. Kf2 Bxe2 20. Qe1 Rxa8 21. h3
Nhf5 22. g4 Qh4+ 23. Kg2 Bf3+ 24. Kh2 Qxe1 25. Rhxe1 Nxb3 26. axb3 Nd4 27. Re7 
Nxb3 28. Rae1 Nxd2 29. Re8+ Rxe8 30. Rxe8+ Bf8 31. Kg3 Bc6 32. Rd8 Kg7 33. g5 a5 
34. Ra8 a4 35. Kf2 d5 36. Ke3 Nb3 37. d4 Bb4 38. Kd3 Bb5+ 39. Kc2 Nxd4+ 40. Kb1 
Ne6 41. Kc2 Nxf4 42. h4 Ng2 0-1

[Event "49° Campionato Italiano Assoluto ASCID"]
[Site "Rivabella (RN)"]
[Date "2022.08.29"]
[Round "1"]
[White "Caputi, Giuliano"]
[Black "Trapletti, Cosetta"]
[Result "1-0"]
[Board "4"]
[WhiteElo "1732"]
[BlackElo "1245"]
[TimeControl "40/6000+30:1200+30"]
[ECO "C40"]
[Opening "King's knight opening"]
[PlyCount "43"]
[EventDate "2022.08.29"]
[EventRounds "7"]
[EventCountry "ITA"]
[Annotator "Bersca0.53"]

1. e4 e5 2. Nf3 Bc5 3. Bc4 Nc6 4. Nc3 Nf6 5. O-O O-O 6. a3 d6 7. d3 h6 8. h3 a6 9. Ne2 Nh5 10. c3 Qd7 11. d4 exd4 12. cxd4 b5 13. Ba2 Bb6 14. Nc3 d5 15.
exd5 Re8 16. dxc6 Qxc6 17. Ne5 Qf6 18. Bxf7+ Kh8 19. Qxh5 Re7 20. Ne4 Qc6 21. Ng6+ Kh7 22. Ng5# 1-0

[Event "49° Campionato Italiano Assoluto ASCID"]
[Site "Rivabella (RN)"]
[Date "2022.08.29"]
[Round "1"]
[White "Delmonte, Davide"]
[Black "Badano, Giancarlo"]
[Result "0-1"]
[Board "5"]
[WhiteElo "1132"]
[BlackElo "1729"]
[TimeControl "40/6000+30:1200+30"]
[ECO "D30"]
[Opening "QGD"]
[PlyCount "60"]
[EventDate "2022.08.29"]
[EventRounds "7"]
[EventCountry "ITA"]
[Annotator "Bersca0.53"]

1. d4 d5 2. c4 e6 3. Nf3 Nf6 4. Bg5 Be7 5. e3 O-O 6. Qc2 Nc6 7. g3 Ne4 8.
Bxe7 Qxe7 9. Bd3 Nb4 10. Qd1 Nxd3+ 11. Qxd3 Qb4+ 12. Nbd2 Qxb2 13. Rd1 Nc3
14. Ng5 g6 15. O-O Nxd1 16. Rxd1 Qb4 17. cxd5 exd5 18. Rc1 Qe7 19. Ndf3 Bf5
20. Qc3 c6 21. Ne5 f6 22. Nxc6 bxc6 23. Qxc6 fxg5 24. Qxd5+ Be6 25. Qe5 Qf6
26. Qxf6 Rxf6 27. Rc6 Rc8 28. Rd6 Bh3 29. f4 Rxd6 30. fxg5 Rf8 0-1

[Event "49° Campionato Italiano Assoluto ASCID"]
[Site "Rivabella (RN)"]
[Date "2022.08.29"]
[Round "1"]
[White "Poli, Diego"]
[Black "Balsamo, Selida"]
[Result "1-0"]
[Board "6"]
[WhiteElo "1665"]
[BlackElo "999"]
[TimeControl "40/6000+30:1200+30"]
[ECO "D02"]
[Opening "Queen's pawn game, Chigorin variation"]
[PlyCount "103"]
[EventDate "2022.08.29"]
[EventRounds "7"]
[EventCountry "ITA"]
[Annotator "Bersca0.53"]

1. d4 d5 2. Nf3 Nc6 3. c3 e6 4. Bf4 Bd6 5. Ne5 f6 6. Nxc6 bxc6 7. Bxd6 cxd6 8. 
Nd2 e5 9. dxe5 dxe5 10. e4 d4 11. Qa4 Ne7 12. cxd4 exd4 13. Nf3 Qb6 14. Qxd4 
Qxd4 15. Nxd4 O-O 16. Bc4+ Kh8 17. O-O c5 18. Ne6 Bxe6 19. Bxe6 Nc6 20. Bd5 Rac8 
21. Bxc6 Rxc6 22. Rac1 Re8 23. f3 g6 24. Rc2 Kg7 25. Rfc1 Re5 26. b4 f5 27. Rc4 
Kf6 28. g3 Ke6 29. a4 a6 30. Kf2 fxe4 31. fxe4 h5 32. h4 Kd6 33. Ke3 g5 34. Rxc5 
Rcxc5 35. Rxc5 g4 36. Rxe5 Kxe5 37. b5 axb5 38. axb5 Kd6 39. Kf4 Kc5 40. Kf5 
Kxb5 41. e5 Kc5 42. e6 Kd5 43. e7 Kd4 44. e8=Q Kd5 45. Qd7+ Kc5 46. Ke4 Kc4 47. 
Qc6+ Kb4 48. Kd3 Kb3 49. Qc3+ Ka4 50. Qb2 Ka5 51. Kc4 Ka4 52. Qb4# 1-0

[Event "49° Campionato Italiano Assoluto ASCID"]
[Site "Rivabella (RN)"]
[Date "2022.08.29"]
[Round "1"]
[White "Bellati, Fabio"]
[Black "Soppelsa, Maurizio"]
[Result "0-1"]
[Board "7"]
[WhiteElo "999"]
[BlackElo "1617"]
[TimeControl "40/6000+30:1200+30"]
[ECO "A16"]
[Opening "English opening"]
[PlyCount "58"]
[EventDate "2022.08.29"]
[EventRounds "7"]
[EventCountry "ITA"]
[Annotator "Bersca0.53"]

1. c4 Nf6 2. Nc3 c6 3. e4 e5 4. Nf3 d6 5. d3 Be7 6. Bg5 Qb6 7. Qd2 Be6 8.
Be2 O-O 9. O-O Re8 10. Nh4 Nbd7 11. h3 d5 12. Bf3 dxc4 13. dxc4 Bxc4 14.
Rfd1 Rad8 15. b3 Be6 16. Rac1 Nb8 17. Qc2 Na6 18. Bxf6 Bxf6 19. Na4 Qc7 20.
a3 Bxh4 21. b4 Bg5 22. Rxd8 Rxd8 23. Rd1 Rd6 24. Rxd6 Qxd6 25. Nc5 Nxc5 26.
bxc5 Qd2 27. Qxd2 Bxd2 28. g4 Bc1 29. h4 Bxa3 0-1

[Event "49° Campionato Italiano Assoluto ASCID"]
[Site "Rivabella (RN)"]
[Date "2022.08.29"]
[Round "1"]
[White "Gamba, Annamaria"]
[Black "Pezzolato, Erica"]
[Result "0-1"]
[Board "9"]
[WhiteElo "999"]
[BlackElo "1462"]
[TimeControl "40/6000+30:1200+30"]
[ECO "E70"]
[Opening "King's Indian"]
[Variation "4.e4"]
[PlyCount "70"]
[EventDate "2022.08.29"]
[EventRounds "7"]
[EventCountry "ITA"]
[Annotator "Bersca0.53"]

1. d4 Nf6 2. c4 g6 3. Nc3 Bg7 4. e4 d6 5. Be3 O-O 6. Qd2 e5 7. Bh6 exd4 8.
Bxg7 dxc3 9. Qxc3 Kxg7 10. O-O-O Bd7 11. f3 Nc6 12. Bd3 Ne5 13. Bc2 Be6 14.
Bb3 Qe7 15. Ne2 c5 16. f4 Nc6 17. h3 Kg8 18. Ng3 Nd4 19. f5 Bd7 20. Rde1
Nxb3+ 21. Qxb3 b6 22. h4 Bc6 23. fxg6 fxg6 24. Rhf1 Ng4 25. Rxf8+ Rxf8 26.
Kb1 Qxh4 27. a4 Bxa4 28. Qd3 Qe7 29. b3 Bc6 30. Ka2 Nf6 31. Re2 Re8 32. Ka3
Bxe4 33. Nxe4 Nxe4 34. g3 Qe5 35. Re3 Qa1# 0-1

[Event "49° Campionato Italiano Assoluto ASCID"]
[Site "Rivabella (RN)"]
[Date "2022.08.29"]
[Round "1"]
[White "Zenini, Simone"]
[Black "Ionata, Lorenzo"]
[Result "1-0"]
[Board "10"]
[WhiteElo "1411"]
[BlackElo "999"]
[TimeControl "40/6000+30:1200+30"]
[ECO "B01"]
[Opening "Scandinavian (centre counter) defence"]
[PlyCount "71"]
[EventDate "2022.08.29"]
[EventRounds "7"]
[EventCountry "ITA"]
[Annotator "Bersca0.53"]

1. e4 d5 2. exd5 Qxd5 3. Nc3 Qa5 4. d4 Nf6 5. Nf3 Bg4 6. Be2 e6 7. a3 c6 8.
O-O Bd6 9. Bd2 Qc7 10. h3 Bh5 11. Re1 O-O 12. Na2 h6 13. Bb4 Ne4 14. Bd3
Nxf2 15. Bxd6 Qb6 16. Kxf2 Rd8 17. Bb4 Bxf3 18. gxf3 Qxd4+ 19. Kf1 Qxb2 20.
Bh7+ Kxh7 21. Qxd8 Qxc2 22. Qd2 Qf5 23. Qg2 Na6 24. Bc3 Qd3+ 25. Qe2 Qf5
26. Qe4 Qxe4 27. Rxe4 Rd8 28. Rd4 Rh8 29. Rad1 Nc7 30. Rd8 Rxd8 31. Rxd8 b5
32. Rd7 Na6 33. Rxf7 c5 34. Rxg7+ Kh8 35. Rxa7+ Kg8 36. Rxa6 1-0

[Event "49° Campionato Italiano Assoluto ASCID"]
[Site "Rivabella (RN)"]
[Date "2022.08.29"]
[Round "2"]
[White "Casadei, Marco"]
[Black "Poli, Diego"]
[Result "1-0"]
[Board "1"]
[WhiteElo "1997"]
[BlackElo "1665"]
[TimeControl "40/6000+30:1200+30"]
[ECO "B90"]
[Opening "Sicilian"]
[Variation "Najdorf, Byrne (English) attack"]
[PlyCount "57"]
[EventDate "2022.08.29"]
[EventRounds "7"]
[EventCountry "ITA"]
[Annotator "Bersca0.53"]

1. e4 c5 2. Nf3 d6 3. d4 cxd4 4. Nxd4 Nf6 5. Nc3 a6 6. Be3 e5 7. Nb3 Be6 8. f3 
h5 9. Qd2 b5 10. O-O-O Be7 11. Kb1 O-O 12. Nd5 Nxd5 13. exd5 Bf5 14. f4 exf4 15. 
Bxf4 Bf6 16. Bd3 Bxd3 17. Qxd3 Be5 18. Bxe5 dxe5 19. Qf5 Nd7 20. Qxh5 g6 21. Qe2 
Qb6 22. h4 Kg7 23. h5 a5 24. Nc1 Rab8 25. hxg6 fxg6 26. Qg4 Qd6 27. Nd3 Nf6 28. 
Qg5 Rh8 29. Nxe5 1-0

[Event "49° Campionato Italiano Assoluto ASCID"]
[Site "Rivabella (RN)"]
[Date "2022.08.29"]
[Round "2"]
[White "Soppelsa, Maurizio"]
[Black "Vrioni, Bersan"]
[Result "0-1"]
[Board "2"]
[WhiteElo "1617"]
[BlackElo "1925"]
[TimeControl "40/6000+30:1200+30"]
[ECO "D31"]
[Opening "QGD"]
[Variation "Charousek (Petrosian) variation"]
[PlyCount "94"]
[EventDate "2022.08.29"]
[EventRounds "7"]
[EventCountry "ITA"]
[Annotator "Bersca0.53"]

1. d4 d5 2. c4 e6 3. Nc3 Be7 4. Nf3 Nf6 5. cxd5 exd5 6. Bg5 c6 7. e3 h6 8.
Bf4 Bf5 9. Bd3 Ne4 10. O-O Nd7 11. Qc2 Ndf6 12. Be5 Nxc3 13. Bxf5 Nce4 14.
Bxf6 Nxf6 15. a3 O-O 16. b4 a6 17. Rfb1 Ne8 18. Nd2 Nd6 19. Bd3 Bf6 20. Nb3
Qe7 21. a4 Rfe8 22. Ra2 Rac8 23. Nc5 g6 24. Qe2 Qc7 25. Rc2 Bxd4 26. Nb3
Bg7 27. Qf1 b5 28. axb5 axb5 29. Nc5 Nc4 30. Ra2 Ra8 31. Qe2 Bd4 32. Rf1
Bxc5 33. bxc5 Qe7 34. Rxa8 Rxa8 35. Qg4 Ne5 36. Qe2 Nxd3 37. Qxd3 Qxc5 38.
Rd1 Ra3 39. Qe2 Rc3 40. g3 Rc2 41. Qg4 Rc1 42. Qc8+ Kg7 43. Rf1 Rxf1+ 44.
Kxf1 Qc1+ 45. Kg2 b4 46. Qc7 Qc3 47. Qb6 b3 0-1

[Event "49° Campionato Italiano Assoluto ASCID"]
[Site "Rivabella (RN)"]
[Date "2022.08.29"]
[Round "2"]
[White "Pezzolato, Erica"]
[Black "Caputi, Giuliano"]
[Result "0-1"]
[Board "4"]
[WhiteElo "1462"]
[BlackElo "1732"]
[TimeControl "40/6000+30:1200+30"]
[ECO "A11"]
[Opening "English"]
[Variation "Caro-Kann defensive system"]
[PlyCount "70"]
[EventDate "2022.08.29"]
[EventRounds "7"]
[EventCountry "ITA"]
[Annotator "Bersca0.53"]

1. c4 c6 2. Nf3 d5 3. cxd5 cxd5 4. g3 Nc6 5. d4 Nf6 6. Bg2 e6 7. O-O Be7 8.
Nc3 a6 9. Bd2 b5 10. Rc1 Qb6 11. e3 Bb7 12. a3 Na5 13. Qc2 Nc4 14. Ne5 O-O
15. Nxc4 bxc4 16. Qb1 Bc6 17. Bf3 Rfb8 18. Qa2 Qc7 19. Rc2 a5 20. a4 Qd7
21. Ra1 Bb4 22. Qb1 Ne8 23. b3 Bxc3 24. Rxc3 Nd6 25. Qc2 f5 26. bxc4 Nxc4
27. Bc1 Rb4 28. Bd1 Rab8 29. Qa2 h6 30. Rb3 Qb7 31. Rxb4 Qxb4 32. Bc2 Qc3
33. Rb1 Rb4 34. Rxb4 Qxb4 35. Qb3 Qe1+ 0-1

[Event "49° Campionato Italiano Assoluto ASCID"]
[Site "Rivabella (RN)"]
[Date "2022.08.29"]
[Round "2"]
[White "Badano, Giancarlo"]
[Black "Parravano, Luca"]
[Result "1-0"]
[Board "5"]
[WhiteElo "1729"]
[BlackElo "999"]
[TimeControl "40/6000+30:1200+30"]
[ECO "B00"]
[Opening "King's pawn opening"]
[PlyCount "77"]
[EventDate "2022.08.29"]
[EventRounds "7"]
[EventCountry "ITA"]
[Annotator "Bersca0.53"]

1. e4 d6 2. d4 Nf6 3. Bd3 g6 4. c4 Bg7 5. Nc3 c6 6. h3 O-O 7. Nf3 a6 8. O-O
b5 9. Be3 b4 10. Ne2 c5 11. dxc5 dxc5 12. Bxc5 a5 13. Qc2 Nbd7 14. Be3 Ne5
15. Nxe5 Nd7 16. Nxd7 Bxd7 17. Rad1 a4 18. Qd2 Qb8 19. Bd4 e5 20. Bc5 Rc8
21. Bxb4 a3 22. Bxa3 Bf8 23. Bxf8 Rxf8 24. b4 Ra4 25. Rb1 Qa7 26. Rb2 Ra8
27. Nc3 Ra6 28. Nd5 Kg7 29. b5 Rxa2 30. Rxa2 Qxa2 31. Qxa2 Rxa2 32. b6 Bc8
33. Rc1 Rd2 34. Bf1 f5 35. c5 fxe4 36. c6 Rxd5 37. b7 Bxb7 38. cxb7 Rb5 39.
Bxb5 1-0

[Event "49° Campionato Italiano Assoluto ASCID"]
[Site "Rivabella (RN)"]
[Date "2022.08.29"]
[Round "2"]
[White "Balsamo, Selida"]
[Black "Bosetti, Giancarlo"]
[Result "1-0"]
[Board "7"]
[WhiteElo "999"]
[BlackElo "1356"]
[TimeControl "40/6000+30:1200+30"]
[ECO "D00"]
[Opening "Queen's pawn"]
[Variation "Chigorin variation"]
[PlyCount "26"]
[EventDate "2022.08.29"]
[EventRounds "7"]
[EventCountry "ITA"]
[Annotator "Bersca0.53"]

1. d4 d5 2. Nc3 Nc6 3. e3 e6 4. Bd3 Bb4 5. Ne2 Nf6 6. O-O O-O 7. f3 Be7 8.
e4 dxe4 9. fxe4 e5 10. d5 Nd4 11. Nxd4 exd4 12. e5 Ne8 13. Ne2 c6 1-0

[Event "49° Campionato Italiano Assoluto ASCID"]
[Site "Rivabella (RN)"]
[Date "2022.08.29"]
[Round "2"]
[White "De Fazio, Monica"]
[Black "Vilone, Gennaro"]
[Result "0-1"]
[Board "8"]
[WhiteElo "999"]
[BlackElo "1249"]
[TimeControl "40/6000+30:1200+30"]
[ECO "D10"]
[Opening "QGD Slav defence"]
[PlyCount "46"]
[EventDate "2022.08.29"]
[EventRounds "7"]
[EventCountry "ITA"]
[Annotator "Bersca0.53"]

1. d4 d5 2. c4 c6 3. Nc3 Bf5 4. Bf4 e6 5. e3 Bb4 6. Bd3 Bg6 7. Nge2 Ne7 8. O-O O-O 9. a3 Ba5 10. b4 Bc7 11. a4 Nd7 12. c5 a6 13. Rb1 Nf6 14. Ng3 Bxf4 15. exf4 Qc7 16. Qd2 Bxd3 17. Qxd3 Qxf4 18. Nge2 Qh4 19. h3 Nf5 20. f4 Nh5 21. Rf3 Nf6 22. g4 Ne7 23. Re1 Qxe1+ 0-1

[Event "49° Campionato Italiano Assoluto ASCID"]
[Site "Rivabella (RN)"]
[Date "2022.08.29"]
[Round "2"]
[White "Trapletti, Cosetta"]
[Black "Bellati, Fabio"]
[Result "0-1"]
[Board "9"]
[WhiteElo "1245"]
[BlackElo "999"]
[TimeControl "40/6000+30:1200+30"]
[ECO "D00"]
[Opening "Queen's pawn, Mason variation"]
[PlyCount "78"]
[EventDate "2022.08.29"]
[EventRounds "7"]
[EventCountry "ITA"]
[Annotator "Bersca0.53"]

1. d4 d5 2. Bf4 Nf6 3. e3 Bf5 4. c4 c6 5. Nc3 Nbd7 6. Nf3 Bg4 7. Be2 Qb6 8.
Qd2 g6 9. Na4 Qd8 10. c5 Bg7 11. h3 Ne4 12. Qc2 Bf5 13. O-O Ng3 14. Bxg3
Bxc2 15. Nc3 Nf6 16. Rac1 Be4 17. Ne5 O-O 18. f3 Bf5 19. Bh4 b6 20. Nxc6
Qc7 21. Ne5 bxc5 22. dxc5 Rab8 23. b3 Qxe5 24. e4 Bh6 25. Rcd1 Qxc3 26. Rd3
Qxc5+ 27. Kh1 Qc2 28. Rf2 Bf4 29. exf5 Nh5 30. Kg1 Bg3 31. Bxe7 Bxf2+ 32.
Kxf2 Rfe8 33. Bd6 Qxe2+ 34. Kg1 Rbd8 35. Rxd5 Nf4 36. Bxf4 Rxd5 37. f6 Rf5
38. Bc7 Rc5 39. Bd6 Rc2 0-1

[Event "49° Campionato Italiano Assoluto ASCID"]
[Site "Rivabella (RN)"]
[Date "2022.08.29"]
[Round "2"]
[White "Ionata, Lorenzo"]
[Black "Delmonte, Davide"]
[Result "0-1"]
[Board "10"]
[WhiteElo "999"]
[BlackElo "1132"]
[TimeControl "40/6000+30:1200+30"]
[ECO "D35"]
[Opening "QGD"]
[Variation "Harrwitz attack"]
[PlyCount "46"]
[EventDate "2022.08.29"]
[EventRounds "7"]
[EventCountry "ITA"]
[Annotator "Bersca0.53"]

1. d4 d5 2. c4 e6 3. Nc3 Nf6 4. Bf4 g6 5. e3 Bg7 6. Bd3 c6 7. Nf3 Qa5 8.
O-O O-O 9. Qc2 dxc4 10. Bxc4 b5 11. Bd3 Rd8 12. Be5 Nbd7 13. Rfe1 Nxe5 14.
Nxe5 Rd7 15. Nxc6 Qb6 16. Be4 Bb7 17. Ne5 Rc7 18. Rad1 Nxe4 19. Nxe4 Rxc2
20. Nd7 Qc6 21. Nef6+ Bxf6 22. Nxf6+ Kg7 23. Ng4 Qxg2# {Black mates} 0-1

[Event "49° Campionato Italiano Assoluto ASCID"]
[Site "Rivabella (RN)"]
[Date "2022.08.30"]
[Round "3"]
[White "Caputi, Giuliano"]
[Black "Casadei, Marco"]
[Result "0-1"]
[Board "1"]
[WhiteElo "1732"]
[BlackElo "1997"]
[TimeControl "40/6000+30:1200+30"]
[ECO "E81"]
[Opening "King's Indian"]
[Variation "Saemisch, 5...O-O"]
[PlyCount "90"]
[EventDate "2022.08.29"]
[EventRounds "7"]
[EventCountry "ITA"]
[Annotator "Bersca0.53"]

1. d4 Nf6 2. c4 g6 3. Nc3 Bg7 4. e4 d6 5. f3 O-O 6. Be3 c5 7. dxc5 dxc5 8.
Qxd8 Rxd8 9. Bxc5 Nc6 10. Rd1 Rxd1+ 11. Kxd1 Nd7 12. Be3 Bxc3 13. bxc3 b6
14. Ne2 Ba6 15. Nd4 Na5 16. Nb3 Nxc4 17. Bxc4 Bxc4 18. Bd4 a5 19. Kc2 a4
20. Nc1 Ra5 21. Rd1 Nc5 22. Bxc5 Rxc5 23. Rd8+ Kg7 24. Nd3 Rg5 25. g4 Bxa2
26. Kb2 Bc4 27. Ka3 Ra5 28. f4 Ra7 29. Nb2 Be2 30. g5 b5 31. Rd2 Bf3 32. e5
Rc7 33. c4 bxc4 34. Nxa4 c3 35. Rc2 Rc4 36. Rxc3 Rxf4 37. Re3 Bc6 38. Nc5
Rg4 39. Rg3 Rc4 40. Nd3 Re4 41. Kb3 Bb5 42. Kc3 Bxd3 43. Kxd3 Rxe5 44. Kd4
Re1 45. Rg4 f5 0-1

[Event "49° Campionato Italiano Assoluto ASCID"]
[Site "Rivabella (RN)"]
[Date "2022.08.30"]
[Round "3"]
[White "Vrioni, Bersan"]
[Black "Badano, Giancarlo"]
[Result "1/2-1/2"]
[Board "2"]
[WhiteElo "1925"]
[BlackElo "1729"]
[TimeControl "40/6000+30:1200+30"]
[ECO "C02"]
[Opening "French"]
[Variation "advance, Milner-Barry gambit"]
[PlyCount "38"]
[EventDate "2022.08.29"]
[EventRounds "7"]
[EventCountry "ITA"]
[Annotator "Bersca0.53"]

1. e4 e6 2. d4 d5 3. e5 c5 4. c3 Nc6 5. Nf3 Qb6 6. Bd3 Bd7 7. Bc2 Rc8 8.
Ba4 f6 9. O-O Be7 10. Re1 f5 11. b3 cxd4 12. cxd4 Nb4 13. Bxd7+ Kxd7 14.
Re2 h6 15. Na3 g5 16. Nc2 Nxc2 17. Rxc2 Rxc2 18. Qxc2 g4 19. Ne1 Qxd4 1/2-1/2

[Event "49° Campionato Italiano Assoluto ASCID"]
[Site "Rivabella (RN)"]
[Date "2022.08.30"]
[Round "3"]
[White "Poli, Diego"]
[Black "Delmonte, Davide"]
[Result "1-0"]
[Board "4"]
[WhiteElo "1665"]
[BlackElo "1132"]
[TimeControl "40/6000+30:1200+30"]
[ECO "D02"]
[Opening "Queen's pawn game"]
[PlyCount "49"]
[EventDate "2022.08.29"]
[EventRounds "7"]
[EventCountry "ITA"]
[Annotator "Bersca0.53"]

1. d4 d5 2. Nf3 Nf6 3. c3 c5 4. Bf4 e6 5. e3 Bd6 6. Ne5 Nc6 7. Bd3 O-O 8. Nd2 g6 
9. g4 Re8 10. h4 Qc7 11. Bb5 a6 12. Bxc6 bxc6 13. Qf3 Bb7 14. Qh3 Kf8 15. Bh6+ 
Ke7 16. Qf3 Bxe5 17. dxe5 Qxe5 18. Bf4 Qe4 19. Nxe4 dxe4 20. Qg2 Rad8 21. Bg5 
Rd7 22. Qxe4 Red8 23. Qe5 Kf8 24. Qxf6 c4 25. Qh8# 1-0

[Event "49° Campionato Italiano Assoluto ASCID"]
[Site "Rivabella (RN)"]
[Date "2022.08.30"]
[Round "3"]
[White "Parravano, Luca"]
[Black "Soppelsa, Maurizio"]
[Result "0-1"]
[Board "5"]
[WhiteElo "999"]
[BlackElo "1617"]
[TimeControl "40/6000+30:1200+30"]
[ECO "D02"]
[Opening "Queen's bishop game"]
[PlyCount "72"]
[EventDate "2022.08.29"]
[EventRounds "7"]
[EventCountry "ITA"]
[Annotator "Bersca0.53"]

1. d4 d5 2. Nf3 Nf6 3. Bf4 Bf5 4. e3 c5 5. c3 Qb6 6. Qb3 c4 7. Qxb6 axb6 8.
Bxb8 Rxb8 9. Ne5 e6 10. b3 b5 11. Nd2 Bd6 12. f3 h6 13. g4 Bh7 14. Bg2 O-O
15. h4 Rfd8 16. g5 Nd7 17. Nxd7 Rxd7 18. e4 Ra8 19. exd5 exd5 20. O-O Ba3
21. f4 Bb2 22. Bh3 Rdd8 23. Rad1 Bxc3 24. Nb1 Bxb1 25. Rxb1 Bxd4+ 26. Kh1
Rxa2 27. bxc4 bxc4 28. Rxb7 Re8 29. Rd7 Ree2 30. Rd8+ Kh7 31. Bf5+ g6 32.
Bxg6+ Kxg6 33. Rd6+ Kg7 34. gxh6+ Kh7 35. Rf2 Rxf2 36. Kg1 Ra1# 0-1

[Event "49° Campionato Italiano Assoluto ASCID"]
[Site "Rivabella (RN)"]
[Date "2022.08.30"]
[Round "3"]
[White "Pugliese, Giuseppe Franco"]
[Black "Balsamo, Selida"]
[Result "1-0"]
[Board "6"]
[WhiteElo "1551"]
[BlackElo "999"]
[TimeControl "40/6000+30:1200+30"]
[ECO "C46"]
[Opening "Three knights game"]
[PlyCount "79"]
[EventDate "2022.08.29"]
[EventRounds "7"]
[EventCountry "ITA"]
[Annotator "Bersca0.53"]

1. e4 e5 2. Nf3 Nc6 3. Nc3 Nge7 4. d4 exd4 5. Nxd4 Nxd4 6. Qxd4 d6 7. Be3
Nc6 8. Qd2 Be6 9. Be2 Ne5 10. b3 c6 11. O-O d5 12. exd5 cxd5 13. Bb5+ Nc6
14. Ne2 Bd6 15. Nd4 Qd7 16. Qc3 Rc8 17. Bxc6 bxc6 18. Nxe6 fxe6 19. Bc5 O-O
20. Bxd6 Qxd6 21. Qd2 d4 22. Rad1 c5 23. f4 e5 24. fxe5 Qxe5 25. Rxf8+ Rxf8
26. Re1 Qf6 27. Qe2 Kf7 28. Rf1 Re8 29. Rxf6+ gxf6 30. Qc4+ Re6 31. Kf2 f5
32. Qxc5 Re4 33. g3 f4 34. Qd5+ Re6 35. Qxd4 Rh6 36. h4 fxg3+ 37. Kxg3 Kg6
38. Qxa7 Kh5 39. Qc5+ Kg6 40. Qg5+ {Il nero abbandona} 1-0

[Event "49° Campionato Italiano Assoluto ASCID"]
[Site "Rivabella (RN)"]
[Date "2022.08.30"]
[Round "3"]
[White "Bellati, Fabio"]
[Black "Pezzolato, Erica"]
[Result "0-1"]
[Board "7"]
[WhiteElo "999"]
[BlackElo "1462"]
[TimeControl "40/6000+30:1200+30"]
[ECO "A16"]
[Opening "English opening"]
[PlyCount "70"]
[EventDate "2022.08.29"]
[EventRounds "7"]
[EventCountry "ITA"]
[Annotator "Bersca0.53"]

1. c4 Nf6 2. Nc3 g6 3. g3 Bg7 4. Bg2 O-O 5. e4 d6 6. Nf3 c5 7. O-O Nc6 8.
d3 Bd7 9. Be3 Qc8 10. Qd2 Ng4 11. Bf4 Nge5 12. Nxe5 Nxe5 13. Bh6 Bxh6 14.
Qxh6 Nxd3 15. Nd5 Qd8 16. b3 Ne5 17. Qh4 Nc6 18. Rae1 Re8 19. f4 Be6 20. f5
Bxd5 21. fxg6 fxg6 22. exd5 Ne5 23. Bh3 Rf8 24. Be6+ Kg7 25. Rxf8 Qxf8 26.
Rf1 Qd8 27. g4 Qc7 28. g5 h5 29. b4 Rf8 30. Rxf8 Kxf8 31. Qf2+ Kg7 32. bxc5
Qxc5 33. Qxc5 dxc5 34. Kf2 Nxc4 35. d6 Nxd6 0-1

[Event "49° Campionato Italiano Assoluto ASCID"]
[Site "Rivabella (RN)"]
[Date "2022.08.30"]
[Round "3"]
[White "Vilone, Gennaro"]
[Black "Gamba, Annamaria"]
[Result "1-0"]
[Board "8"]
[WhiteElo "1249"]
[BlackElo "999"]
[TimeControl "40/6000+30:1200+30"]
[ECO "B21"]
[Opening "Sicilian"]
[Variation "Smith-Morra gambit"]
[PlyCount "75"]
[EventDate "2022.08.29"]
[EventRounds "7"]
[EventCountry "ITA"]
[Annotator "Bersca0.53"]

1. e4 c5 2. d4 cxd4 3. f4 Nc6 4. Nf3 d6 5. Bc4 Bg4 6. O-O e5 7. fxe5 dxe5 8. 
Bxf7+ Kxf7 9. Nxe5+ Ke8 10. Nxg4 Be7 11. Qf3 Nf6 12. Nxf6+ Bxf6 13. Bg5 Rf8 14. 
Qh5+ Rf7 15. Nd2 Qe7 16. Bxf6 gxf6 17. Rf3 Ne5 18. Rf5 Ng6 19. Raf1 Rd8 20. Rd5 
Qc7 21. Rxd8+ Kxd8 22. Qd5+ Kc8 23. Qxd4 b6 24. Qc4 Ne5 25. Qe6+ Kb8 26. c3 Qc5+ 
27. Kh1 Nd3 28. Qe8+ Kb7 29. Qxf7+ Ka6 30. Qc4+ b5 31. Qxd3 Qe7 32. Nf3 Kb6 33. 
Nd4 Qd6 34. Qxb5+ Kc7 35. Qf5 Qe5 36. Qxh7+ Kb6 37. Qd7 Qc7 38. Qb5# 1-0

[Event "49° Campionato Italiano Assoluto ASCID"]
[Site "Rivabella (RN)"]
[Date "2022.08.30"]
[Round "3"]
[White "Bosetti, Giancarlo"]
[Black "Trapletti, Cosetta"]
[Result "0-1"]
[Board "9"]
[WhiteElo "1356"]
[BlackElo "1245"]
[TimeControl "40/6000+30:1200+30"]
[ECO "C20"]
[Opening "King's pawn game"]
[PlyCount "61"]
[EventDate "2022.08.29"]
[EventRounds "7"]
[EventCountry "ITA"]
[Annotator "Bersca0.53"]

1. e4 e5 2. d4 d6 3. dxe5 Be6 4. Nc3 Nc6 5. Nf3 Nge7 6. Bb5 Qc8 7. exd6
cxd6 8. Qxd6 a6 9. Ba4 h6 10. Nd5 Nxd5 11. exd5 Bxd6 12. dxe6 Qxe6+ 13. Be3
O-O 14. O-O Qg6 15. Rad1 Be7 16. c3 h5 17. g3 Qg4 18. Nh4 Bxh4 19. f3 Qh3
20. gxh4 Qxh4 21. Bf2 Qg5+ 22. Bg3 h4 23. f4 Qg4 24. Rd3 Ne7 25. Kh1 hxg3
26. hxg3 Nf5 27. Bd1 Qh3+ 28. Kg1 Rae8 29. Rff3 Re6 30. Kf2 Qh2+ 31. Kf1 0-1